 Dungeon Crawl Stone Soup version 0.20-a0-923-g548304e (webtiles) character file.

58 4thArraOfDagon the Vexing (level 3, -20/16 HPs)
             Began as a Felid Wanderer on Mar 26, 2017.
             Demolished by an ogre
             ... wielding a +0 giant club
              (29 damage)
             ... on level 7 of the Dungeon.
             The game lasted 00:04:05 (724 turns).

4thArraOfDagon the Vexing (Felid Wanderer)           Turns: 724, Time: 00:04:06

Health: -20/16     AC:  1    Str:  8    XL:     3   Next: 76%
Magic:  4/4        EV: 17    Int: 11    God:
Gold:   34         SH:  0    Dex: 18    Spells: 2/2 levels left
                                        Lives:  0   Deaths: 0

rFire    . . .     SeeInvis +     - Unarmed
rCold    . . .     Gourm    .   (shield unavailable)
rNeg     . . .     Faith    .   (armour unavailable)
rPois    .         Spirit   .   (helmet unavailable)
rElec    .         Reflect  .   (cloak unavailable)
rCorr    .         Harm     .   (gloves unavailable)
MR       .....                  (boots unavailable)
Stlth    +++.......             (no amulet)
Regen    0.1/turn               (no ring)
MPRegen  0.1/turn               (no ring)

@: quick
A: no armour, no weapons or thrown items, stealth, claws 1, fangs 3, see
invisible, carnivore 3, speed 1, shaggy fur 1, slow metabolism 1, sharp paws
a: no special abilities


You were on level 7 of the Dungeon.
You were not hungry.

You visited 1 branch of the dungeon, and saw 7 of its levels.

You collected 34 gold pieces.

Inventory:

Scrolls
 b - a scroll of teleportation
 g - a scroll of random uselessness {unknown}
 h - a scroll of recharging {unknown}
 k - a scroll of remove curse
Potions
 i - a potion of magic
 l - a potion of brilliance
Books
 a - a book of Minor Magic

   Spells                             Type                      Level
   a - Magic Dart                     Conjuration                  1
   b - Blink                          Translocation                2
   c - Call Imp                       Summoning                    2
   d - Slow                           Hexes                        2
   e - Conjure Flame                  Conjuration/Fire             3
   f - Mephitic Cloud                 Conjuration/Poison/Air       3
Comestibles
 c - a meat ration


   Skills:
 - Level 2.0 Fighting
 + Level 2.2 Dodging
 + Level 2.6 Stealth
 * Level 2.6 Unarmed Combat
   Level 1.7 Conjurations
   Level 4.4 Hexes
   Level 1.1 Evocations


You had 2 spell levels left.
You didn't know any spells.

Dungeon Overview and Level Annotations

Branches:
Dungeon (7/15)
 Temple: D:4-7

Altars:
Fedhas
Nemelex Xobeh
Uskayaw

Shops:
D:7 :

Annotations:
D:6 Duvessa


Innate Abilities, Weirdness & Mutations

You cannot wear armour.
You are incapable of wielding weapons or throwing items.
Your paws allow you to move quietly. (Stealth)
You have sharp claws.
You have razor-sharp teeth.
You have supernaturally acute eyesight. (SInv)
You are carnivorous and can eat meat at any time.
You cover ground quickly.
You are covered in fur. (AC +1)
You have a slow metabolism.
Your sharp claws are effective at attacking unaware monsters.


Message History

Found a robe.
You open the gate.
An ogre comes into view. It is wielding a giant club.
Found a scroll of teleportation.
Found Xuyn's Book Shoppe.
There is an open gate here.
Unknown command.
Unknown command.
Unknown command.
Unknown command.
There is an entrance to Xuyn's Book Shoppe here.
Unknown command.
You pounce on the unaware helpless ogre!
You claw the ogre! You bite the ogre.
The ogre is severely wounded.
The ogre completely misses you.
You scratch the ogre.
The ogre is severely wounded.
The ogre hits you with a giant club!!
Ouch! That really hurt!
You die...

#....#..# .#
#.......##.###
##...........###
#..............
#..[.#'''#.##..
######...###
##.....##
#.......#
#?..@...#
#....O..#
##.....##
##...## #####
....# ....#
.#####


You could see an ogre.

Vanquished Creatures
  A hound (D:6)
  An adder (D:2)
  An adder skeleton (D:4)
  A dart slug (D:3)
  A bat (D:3)
  2 giant cockroaches
  A hobgoblin (D:1)
  A ball python (D:2)
  A frilled lizard (D:1)
  3 goblins
  3 kobolds
  A quokka zombie (D:6)
  A rat (D:2)
18 creatures vanquished.

Notes
Turn   | Place    | Note
-------+----------+-------------------------------------------
     0 | D:1      | 4thArraOfDagon the Felid Wanderer began the quest for the Orb.
     0 | D:1      | 4thArraOfDagon set off with: a book of Minor Magic, a scroll of teleportation, a meat ration
     0 | D:1      | Reached XP level 1. HP: 9/9 MP: 2/2
   155 | D:2      | Reached skill level 1 in Dodging
   267 | D:3      | Reached XP level 2. HP: 9/13 MP: 3/3
   463 | D:2      | Found a hide-covered altar of Uskayaw.
   530 | D:4      | Noticed a howler monkey
   531 | D:4      | Reached XP level 3. HP: 16/16 MP: 4/4
   534 | D:4      | You fall through a shaft for 2 floors!
   587 | D:5      | Entered Level 5 of the Dungeon
   662 | D:6      | Found a sparkling altar of Nemelex Xobeh.
   684 | D:6      | Found a blossoming altar of Fedhas.
   684 | D:6      | Noticed a centaur
   684 | D:6      | Noticed Duvessa
   717 | D:7      | Found Xuyn's Book Shoppe.
   717 | D:7      | Noticed an ogre
   724 | D:7      | Demolished by an ogre

Vault maps used:
D:1:      lightli_arrival_maybe_door_vault
D:2:      old_standard_altar, first_bread, grunt_ministairs_1,
          kennysheep_generic_room_11, uniq_sigmund, uniq_crazy_yiuf_cottage
D:3:      marbit_many_paths
D:4:      gammafunk_temple_overflow_statue, minmay_temple_entry_large_hall,
          corner_web_ring
D:6:      fedhas_bush_and_centaur_altar, nemelex_altar_shiori, serial_shops,
          shop, uniq_duvessa
D:7:      makhleb_grotto_becter, tgw_xom, enter_bailey_2,
          kennysheep_windowed_goal, uniq_pikel

Skill      XL: |  1  2  3 |
---------------+----------+-----
Dodging        | 1 2 |  2.2
Unarmed Combat | 2 |  2.6
Stealth        | 2 |  2.6
Fighting       | |  2.0
Conjurations   | |  1.7
Hexes          | |  4.4
Evocations     | |  1.1

Action                   || total
-------------------------++-------
Melee: Unarmed           ||    50
       Bite              ||     7
  Use: Potion            ||     5
       Scroll            ||     5
 Stab: Sleeping          ||     8
  Eat: Chunk             ||     1
Armor: Skin              ||     1
Dodge: Dodged            ||    44
